 Dungeon Crawl Stone Soup version 0.24-a0-535-gbb0d440638 (webtiles) character file.

Game seed: 2500089272629150918

3707 BinkBink the Basher (level 9, -2/82 HPs)
             Began as a Deep Dwarf Berserker on Aug 10, 2019.
             Was a Believer of Trog.
             Slain by a two-headed ogre
             ... wielding a +0 giant club
              (8 damage)
             ... on level 8 of the Dungeon.
             The game lasted 00:14:48 (6407 turns).

BinkBink the Basher (Deep Dwarf Berserker)          Turns: 6407, Time: 00:14:49

Health: -2/82      AC: 12    Str: 30    XL:     9   Next: 91%
Magic:  4/4        EV:  6    Int:  7    God:    Trog [**....]
Gold:   17         SH:  2    Dex: 12    Spells: 8/8 levels left

rFire    . . .     SeeInvis .   r - +3 flail (holy)
rCold    . . .     Gourm    .   C - -1 buckler (curse)
rNeg     . . .     Faith    .   n - +0 plate armour
rPois    .         Spirit   .   (no helmet)
rElec    .         Reflect  .   (no cloak)
rCorr    .         Harm     .   (no gloves)
MR       +....                  p - +0 pair of boots
Stlth    ..........             (no amulet)
HPRegen  0.00/turn              (no ring)
MPRegen  0.09/turn              (no ring)

@: mighty, lethally poisoned (-2 -> -2), non-regenerating, very heavily drained
A: damage resistance, heal wounds, sense surroundings 2, no regeneration
a: Heal Wounds, Berserk, Trog's Hand, Renounce Religion


You were on level 8 of the Dungeon.
You worshipped Trog.
Trog was pleased with you.
You were not hungry.

You visited 1 branch of the dungeon, and saw 8 of its levels.

You collected 17 gold pieces.

Inventory:

Hand Weapons
 a - a +0 falchion
 r - a +3 flail of holy wrath (weapon)
Armour
 g - a +0 scale mail
 n - a +0 plate armour (worn)
 p - a +0 pair of boots (worn)
 C - a cursed -1 buckler (worn)
Jewellery
 v - a cursed ring of attention {unknown}
 x - an uncursed amulet of regeneration {unknown}
 z - a +2 ring of dexterity {unknown}
 A - a +3 ring of strength {unknown}
Wands
 o - a wand of enslavement (6)
 B - a wand of polymorph (3)
Scrolls
 d - 7 scrolls of teleportation
 f - 6 scrolls of identify
 j - a scroll of blinking
 k - a scroll of fog {unknown}
 t - 2 scrolls of noise {unknown}
 w - a scroll of magic mapping {unknown}
 F - a scroll of immolation {unknown}
 H - a scroll of remove curse
Potions
 b - 2 potions of heal wounds {unknown}
 h - 4 potions of magic {unknown}
 i - 4 potions of lignification {unknown}
 m - a potion of berserk rage {unknown}
 q - a potion of brilliance {unknown}
 s - 2 potions of curing {unknown}
 u - a potion of resistance {unknown}
 E - a potion of degeneration {unknown}
Comestibles
 c - 10 rations


   Skills:
 + Level 6.3(2.3) Fighting
 + Level 4.5(0.7) Long Blades
 + Level 9.2(5.0) Maces & Flails
 + Level 7.7(3.6) Armour
 + Level 3.5(0.0) Dodging
 + Level 1.2(0.0) Stealth
 + Level 3.4(0.0) Shields


You had 8 spell levels left.
You didn't know any spells.
Your spell library contained the following spells:

 Spells                   Type           Power        Failure   Level  Hunger
 Confusing Touch          Hex            #.....       100%        1    ##.....
 Confuse                  Hex            #.......     100%        3    ####...
 Gell's Gravitas          Tloc           #.........   100%        3    ####...
 Petrify                  Tmut/Erth      #.......     100%        4    #####..
 Metabolic Englaciation   Hex/Ice        #.........   100%        5    ######.
 Yara's Violent Unravell  Hex/Tmut       #.........   100%        5    ######.


Dungeon Overview and Level Annotations

Branches:
Dungeon (8/15)             Temple (0/1) D:7
   Lair: D:8-11

Altars:
Dithmenos
Fedhas
Okawaru
Qazlal
Sif Muna
Uskayaw
Vehumet
Wu Jian
Xom
Yredelemnul
Zin

Shops:
D:5 [

Annotations:
D:4 exclusion: statue
D:8 Maurice


Innate Abilities, Weirdness & Mutations

You are resistant to damage.
You can heal yourself by infusing magical energy.
You passively map the area around you.
You do not regenerate.


Message History

You kill the killer bee!
Trog accepts your kill.
A two-headed ogre comes into view.
It is wielding a +0 giant club and a -1 giant club.
The two-headed ogre shouts in stereo!
Items here: †††††††† You completely miss the two-headed ogre.
The two-headed ogre hits you with a +0 giant club.
The two-headed ogre closely misses you.
Your shield and plate armour prevent you from hitting the two-headed ogre.
The two-headed ogre hits you but does no damage.
The two-headed ogre hits you with a cursed -1 giant club.
You sock the two-headed ogre!
The two-headed ogre is lightly wounded.
The two-headed ogre hits you with a +0 giant club!
The two-headed ogre hits you with a cursed -1 giant club!!
* * * LOW HITPOINT WARNING * * *
You thump the two-headed ogre!
The two-headed ogre is moderately wounded.
The two-headed ogre hits you with a +0 giant club!
You die...

#.....# #.....< #.....#
#...... ###..## #......
##.# ###.### #.# #.# #.#
#.# # #.# #.# #
###########.######.# #
#...†@...##.##.....# #
#####O##...>.......###
#.....#.##........
##................
###......#......### **
*#.........#.......# * ,,
,.....yy######...........
, , *##...yy #....)....#.
* #y#..# #....).....#


You could see a two-headed ogre.

Vanquished Creatures
  Menkaure (D:7)
  Edmund (D:5)
  Duvessa (D:7)
  2 ice beasts
  2 sky beasts (D:8)
  3 ogres
  3 phantoms
  A necrophage (D:7)
  2 centaurs
  A big kobold (D:7)
  2 bullfrogs (D:8)
  Dowan (D:7)
  20 killer bees
  A howler monkey (D:5)
  3 crimson imps
  5 hounds
  A jelly (D:6)
  4 orc priests
  5 orc wizards
  3 centaur skeletons
  3 iguanas
  5 worker ants
  A killer bee zombie (D:8)
  A hound skeleton (D:4)
  A howler monkey skeleton (D:4)
  4 gnolls (D:6)
  5 adders
  2 shadow imps
  An ooze (D:5)
  An adder skeleton (D:5)
  2 worms
  A dart slug (D:1)
  4 leopard geckos
  17 orcs
  5 bats
  5 giant cockroaches
  5 goblins
  6 hobgoblins
  7 jackals (D:1)
  3 quokkas
  4 ball pythons
  5 frilled lizards
  11 kobolds
  A leopard gecko skeleton (D:7)
  A quokka skeleton (D:5)
  4 rats
167 creatures vanquished.

Vanquished Creatures (others)
  A sky beast (D:5)
1 creature vanquished.

Grand Total: 168 creatures vanquished

Notes
Turn   | Place    | Note
-------+----------+-------------------------------------------
     0 | D:1      | BinkBink the Deep Dwarf Berserker began the quest for the
                  | Orb.
     0 | D:1      | Reached XP level 1. HP: 20/20 MP: 1/1
    74 | D:1      | Reached XP level 2. HP: 12/27 MP: 2/2
   453 | D:1      | Reached ** piety under Trog
   462 | D:1      | Reached XP level 3. HP: 33/34 MP: 3/3
   863 | D:2      | Reached XP level 4. HP: 31/42 MP: 4/4
  1248 | D:2      | Found a shimmering altar of Xom.
  1257 | D:2      | Found a blossoming altar of Fedhas.
  1717 | D:3      | Found a stormy altar of Qazlal.
  1721 | D:3      | Noticed an earth elemental
  1722 | D:3      | Noticed a fire elemental
  1722 | D:3      | Noticed an air elemental
  1722 | D:3      | Noticed a water elemental
  1784 | D:3      | Found a shimmering blue altar of Sif Muna.
  1811 | D:3      | Found a shadowy altar of Dithmenos.
  1838 | D:3      | Found a faded altar of an unknown god.
  2026 | D:3      | Found a glowing silver altar of Zin.
  2142 | D:4      | Reached XP level 5. HP: 43/49 MP: 5/5
  2181 | D:4      | Reached skill level 1 in Maces & Flails
  2227 | D:4      | Noticed a phantom
  2283 | D:4      | Killed a phantom
  2283 | D:4      | Reached skill level 2 in Maces & Flails
  2283 | D:4      | Reached skill level 1 in Stealth
  2283 | D:4      | Reached XP level 6. HP: 32/56 MP: 6/6
  2627 | D:4      | Found a radiant altar of Vehumet.
  2637 | D:4      | Reached skill level 3 in Maces & Flails
  2787 | D:4      | Reached XP level 7. HP: 44/63 MP: 7/7
  3097 | D:5      | Entered Level 5 of the Dungeon
  3306 | D:5      | Reached skill level 4 in Maces & Flails
  3405 | D:5      | Found Cobuj's Antique Armour Emporium.
  3571 | D:5      | Noticed Edmund
  3576 | D:5      | Reached skill level 5 in Maces & Flails
  3588 | D:5      | Killed Edmund
  3588 | D:5      | Reached skill level 5 in Armour
  3598 | D:5      | Reached XP level 8. HP: 33/73 MP: 8/8
  3794 | D:6      | Reached skill level 6 in Maces & Flails
  4441 | D:6      | Reached skill level 7 in Maces & Flails
  4542 | D:6      | Found a basalt altar of Yredelemnul.
  4920 | D:7      | Noticed Duvessa
  4923 | D:7      | Noticed Dowan
  4934 | D:7      | Killed Dowan
  4954 | D:7      | Killed Duvessa
  4954 | D:7      | Reached skill level 1 in Shields
  5127 | D:7      | Gained mutation: You passively map the area around you.
                  | [Deep Dwarf growth]
  5127 | D:7      | Reached XP level 9. HP: 65/80 MP: 8/8
  5219 | D:7      | Reached skill level 5 in Fighting
  5219 | D:7      | Reached skill level 8 in Maces & Flails
  5250 | D:7      | Found a staircase to the Ecumenical Temple.
  5284 | D:7      | Noticed Menkaure
  5289 | D:7      | Killed Menkaure
  5647 | D:8      | Noticed Maurice
  5923 | D:8      | Found an iron altar of Okawaru.
  6014 | D:8      | Found an ornate altar of the Wu Jian Council.
  6016 | D:8      | Found a hide-covered altar of Uskayaw.
  6296 | D:8      | Reached skill level 9 in Maces & Flails
  6402 | D:8      | Noticed a two-headed ogre
  6407 | D:8      | Slain by a two-headed ogre

Levels and vault maps discovered:
D:1:      grunt_arrival_lava_bath, layout_loops_corners, minmay_tetromino_i4
D:2:      layout_basic, xom_teletrap_fun, fedhas_altar_2
D:3:      layout_basic, nicolae_overflow_crystal_walls,
          nicolae_overflow_hidden_temple, lemuel_doored_altar,
          nicolae_qazlal_style_of_elements,
          chequers_ecumenical_altar_simple_redux
D:4:      layout_gridville, vehumet_statue, minmay_close_crescents
D:5:      layout_gridville, first_ration, serial_shops, nicolae_shop_crystal,
          uniq_edmund
D:6:      layout_gridville, lemuel_coloured_pillars_altar,
          serial_co_window_serial, co_window_corner_a, co_window_paths_b,
          co_window_paths_b, co_window_corner_a, co_window_paths_a,
          co_window_paths_a, co_window_paths_a, co_window_corner_a,
          co_window_of_opportunity_a, co_window_broadway_a,
          co_window_unsneaky_path_c, co_window_paths_c,
          co_window_of_opportunity_b, co_window_4corner_b, co_window_paths_d,
          glass_columns_a, glass_columns_a, glass_columns_c, glass_columns_a,
          glass_columns_a
D:7:      layout_basic, temple_statues, uniq_duvessa, uniq_menkaure
D:8:      layout_rooms, grunt_temple_overflow_open, david_nohive_1,
          chequers_avenue, uniq_maurice

Skill      XL: |  1  2  3  4  5  6  7  8  9 |
---------------+----------------------------+-----
Fighting       | 3 4 6 |  6.3
Long Blades    | 4 |  4.5
Dodging        | 3 |  3.5
Armour         | 3 4 5 6 7 |  7.7
Maces & Flails | 2 3 5 7 9 |  9.2
Stealth        | 1 |  1.2
Shields        | 1 3 |  3.4

Action                   |  1- 3 |  4- 6 |  7- 9 || total
-------------------------+-------+-------+-------++-------
Melee: Falchion          |   102 |    92 |       ||   194
       Flail             |       |   122 |   529 ||   651
Invok: Trog's Hand       |       |     5 |    22 ||    27
 Abil: Heal Wounds       |     1 |       |    17 ||    18
  Use: Scroll            |       |     4 |       ||     4
       Potion            |       |       |     1 ||     1
  Eat: Chunk             |       |     9 |    13 ||    22
       Ration            |       |       |     2 ||     2
Armor: Animal skin       |     6 |       |       ||     6
       Scale mail        |    39 |    49 |       ||    88
       Plate armour      |       |    62 |   477 ||   539
Dodge: Dodged            |    78 |   128 |   219 ||   425
Block: Buckler           |       |       |    42 ||    42
       Rpst.: Falchion   |    26 |    18 |       ||    44

Table legend:
 A = Non-vault XP
 B = Vault XP
 C = Vault XP percentage of total XP
 D = Non-vault monster count
 E = Vault monster count
 F = Vault count percentage of total count
                 A         B        C        D         E       F
            +---------+---------+-------+---------+---------+-------
      Total |    3756 |    1540 |  29.1 |     143 |      25 |  14.9
            +---------+---------+-------+---------+---------+-------
        D:1 |      44 |       7 |  13.7 |      24 |       4 |  14.3
        D:2 |      87 |       0 |   0.0 |      18 |       0 |   0.0
        D:3 |      38 |       0 |   0.0 |      12 |       0 |   0.0
        D:4 |     510 |      56 |   9.9 |      23 |       2 |   8.0
        D:5 |     701 |     164 |  19.0 |      14 |       1 |   6.7
        D:6 |     524 |       0 |   0.0 |      14 |       0 |   0.0
        D:7 |     875 |     370 |  29.7 |      21 |       3 |  12.5
        D:8 |     977 |     943 |  49.1 |      17 |      15 |  46.9
            +---------+---------+-------+---------+---------+-------
